 Dungeon Crawl Stone Soup version 0.30.0-5-g1a98f26d00 (webtiles) character file.

Game seed: 13414585416524327172

19068 backslashecho the Cleaver (level 13, -5/94 HPs)
             Began as a Djinni Berserker on May 11, 2023.
             Was a Priest of Trog.
             Slain by a cane toad (14 damage)
             ... on level 1 of the Lair of Beasts.
             The game lasted 00:31:22 (13666 turns).

backslashecho the Cleaver (Djinni Berserker)       Turns: 13666, Time: 00:31:22

Health: -5/94      AC: 23    Str: 20    XL:     13   Next: 1%
Gold:   694        EV: 15    Int:  9    God:    Trog [***...] SH:  0 Dex: 14

rFire   + . .        a - +1 hand axe (vamp)
rCold   + . .        (no shield)
rNeg    . . .        n - +0 ice dragon scales
rPois   ∞            l - +1 helmet
rElec   .            o - +0 cloak
rCorr   .            v - +0 pair of gloves
SInv    .            (boots unavailable)
Will    +++..        (no amulet) Stlth
                     y - +4 ring of protection
HPRegen 1.35/turn    p - +5 ring of evasion
MPRegen 0.00/turn

%: infuse magic (-6 HP)
@: strong-willed, flying, regenerating
A: sickness immunity, fire resistance 2, cold vulnerability 1, float, innate
caster, HP casting, extra vitality 1
a: Renounce Religion, Berserk, Trog's Hand


You were on level 1 of the Lair of Beasts.
You worshipped Trog.
Trog was most pleased with you.
You visited 2 branches of the dungeon, and saw 12 of its levels.
You also visited: Ice Cave.

You collected 694 gold pieces.

Inventory:

Hand Weapons
 a - a +1 vampiric hand axe (weapon)
 b - a +2 flail of draining
 f - a +3 battleaxe of electrocution
 E - a +0 war axe
Missiles
 u - 18 poisoned darts
 H - a curare-tipped dart
 M - 6 javelins
Armour
 l - a +1 helmet (worn)
 n - +0 ice dragon scales (worn)
 o - a +0 cloak (worn)
 v - a +0 pair of gloves (worn)
 C - a +0 tower shield
Jewellery
 g - a +6 ring of strength
 p - a +5 ring of evasion (right hand)
 y - a +4 ring of protection (left hand)
 O - a +6 ring of intelligence
Wands
 G - a wand of mindburst (8)
 L - a wand of flame (5)
 N - a wand of charming (7) (quivered)
Scrolls
 c - a scroll of identify
 e - 5 scrolls of teleportation
 i - a scroll of blinking
 m - 2 scrolls of enchant armour
 q - a scroll of butterflies
 r - a scroll of poison
 t - a scroll of enchant weapon
 z - a scroll of noise
 A - 2 scrolls of silence
 B - 5 scrolls of fear
 D - a scroll of amnesia
Potions
 d - 2 potions of haste
 j - 2 potions of brilliance
 k - 2 potions of might
 s - 5 potions of flight
 w - 5 potions of curing
 x - a potion of ambrosia
 J - 2 potions of mutation


   Skills:
 - Level 9.0 Fighting
 * Level 12.1 Axes
 + Level 4.3 Throwing
 * Level 11.5 Armour
 - Level 2.1 Dodging
 - Level 1.0 Unarmed Combat


You knew the following spells:

 Your Spells              Type           Power      Damage    Failure   Level
A - Magic Dart            Conj           0%         1d3       73%         1
B - Call Imp              Summ           0%         N/A       86%         2
C - Teleport Other        Tloc           0%         N/A       97%         3
D - Olgreb's Toxic Radia  Pois           0%         N/A       100%        4
E - Summon Lightning Spi  Summ/Air       0%         N/A       100%        4
F - Metabolic Englaciati  Hex/Ice        0%         N/A       100%        5
Your spell library was empty.


Dungeon Overview and Level Annotations

Branches:
Dungeon (11/15)            Temple (0/1) D:4            Lair (1/5) D:8
    Orc (0/2) D:9           IceCv (visited)

Altars:
Ashenzari
Hepliaklqana
Makhleb
Nemelex Xobeh
Okawaru
Ru
Xom

Annotations:
D:10 2 transporters, Tirrikindir's ghost, journeyman GrFi


Innate Abilities, Weirdness & Mutations

You are immune to sickness and miasma.
You are immune to poison.
Your flesh is very heat resistant. (rF++)
You are vulnerable to cold. (rC-)
You float through the air rather than walking.
You learn spells naturally, not from books.
Your magical power is your life essence.
You have superior vitality. (+4 MHP)


Message History

The boulder beetle easily resists.
The boulder beetle bites you but does no damage.
The boulder beetle attacks as you move away!
The boulder beetle closely misses you.
There is an open door here.
You hit the boulder beetle.
You feel better.
The boulder beetle is heavily wounded.
The boulder beetle closely misses you.
You regained 2 hp, and now have 22/94 hp.
The boulder beetle attacks as you move away!
The boulder beetle bites you.
* * * LOW HITPOINT WARNING * * *
You take 4 damage, and have 18/94 hp.
As you read the scroll of butterflies, it crumbles to dust.
You hear the flapping of tiny wings.
The boulder beetle is knocked back by the sudden gust.
You swap places.
You swap places.
The boulder beetle bites your butterfly!!
Your butterfly dies!
Your butterfly disappears in a burst of colours!
You regained 2 hp, and now have 22/94 hp.
The boulder beetle curls into a ball and begins rolling!
The boulder beetle barely misses your butterfly.
The boulder beetle stops rolling and uncurls.
You feel the effects of Trog's Hand fading.
You regained 2 hp, and now have 26/94 hp.
You regained 2 hp, and now have 29/94 hp.
You reach down and open the door.
A cane toad comes into view.
The cane toad croaks.
Your skin stops crawling.
You feel less strong-willed.
There is an open door here.
The cane toad stings you but does no damage.
You reach down and close the door.
The cane toad closely misses you.
You hit the cane toad but do no damage. The cane toad stings you.
You take 2 damage, and have 30/94 hp.
You hit the cane toad but do no damage. The cane toad stings you!
* * * LOW HITPOINT WARNING * * *
You take 14 damage, and have 16/94 hp.
You hit the cane toad but do no damage. The cane toad stings you!
* * * LOW HITPOINT WARNING * * *
You take 9 damage, and have 7/94 hp.
Your skin crawls.
You feel strong-willed.
The cane toad stings you but does no damage.
You slash the cane toad!
The cane toad is moderately wounded.
The cane toad stings you!
You die...

#...#..###Bbb..>.#*
#..#.#..#.bb.b.?.#
#.#...#.#.b##+.###
#..#.#b.b..##bb####
#...#....###......#
#.....#### #####.##
.+...## #.# ....#*
#######+### ....****
#.....F@..# ....+,,*
#.........# ..,,,*,*
#...b.....#*
,,,,**,**#..........#
,,,,**,,,..........##
,,,,*****#.........#
**,**** ###.#+#####
,,,,,,* ##*,* ****+**
**,*


You could see a cane toad.

Vanquished Creatures
  A boulder beetle (D:11)
  Urug (D:10)
  Pikel (D:4)
  An ugly thing (IceCv)
  Joseph (D:7)
  A black mamba (Lair:1)
  3 ice statues (IceCv)
  2 gargoyles
  A komodo dragon (D:8)
  Maggie (D:9)
  A cane toad (Lair:1)
  Psyche (D:8)
  A freezing wraith (IceCv)
  An anaconda simulacrum (IceCv)
  3 trolls (D:11)
  A troll (shapeshifter) (D:11)
  A hornet (D:8)
  3 shadows (D:11)
  A wraith (D:10)
  34 yaks
  5 wyverns
  4 vampire mosquitoes
  2 death yak simulacra (IceCv)
  A warg (D:9)
  A harpy simulacrum (IceCv)
  An acid dragon (D:11)
  3 water moccasins
  Duvessa (D:4)
  4 orc warriors
  A sky beast (D:7)
  3 black bears (D:8)
  4 ogres
  4 centaurs
  2 phantoms
  A gnoll sergeant (D:11)
  3 kobold brigands
  4 bullfrogs
  4 scorpions
  A cane toad simulacrum (IceCv)
  Dowan (D:4)
  12 killer bees
  An elephant simulacrum (IceCv)
  13 howler monkeys
  A crimson imp (D:6)
  3 hounds
  4 jellies
  2 orc priests (D:9)
  2 gnoll boudas
  4 iguanas
  9 orc wizards
  A sleepcap (D:5)
  2 polar bear simulacra (IceCv)
  A wolf simulacrum (IceCv)
  9 adders
  13 gnolls
  2 shadow imps (D:7)
  An ufetubus (D:5)
  A worm (D:2)
  A dart slug (D:1)
  24 orcs
  12 endoplasms
  5 giant cockroaches
  2 goblins (D:1)
  5 hobgoblins
  6 jackals
  21 kobolds
  3 quokkas
  9 ball pythons
  5 bats
  6 frilled lizards
  6 rats
296 creatures vanquished.

Vanquished Creatures (others)
  A troll (D:9)
  An orc warrior (D:9)
  An orc (D:9)
3 creatures vanquished.

Grand Total: 299 creatures vanquished

Notes
Turn   | Place    | Note
-------+----------+-------------------------------------------
     0 | D:1      | backslashecho the Djinni Berserker began the quest for the
                  | Orb.
     0 | D:1      | Reached XP level 1. HP: 20/20 MP: 0/0
    74 | D:1      | Reached XP level 2. HP: 24/25 MP: 0/0
   206 | D:1      | Reached skill level 1 in Unarmed Combat
   288 | D:1      | Reached XP level 3. HP: 30/30 MP: 0/0
   288 | D:1      | Learned a level 1 spell: Magic Dart
   330 | D:1      | Reached ** piety under Trog
   985 | D:2      | Reached skill level 3 in Axes
  1268 | D:2      | Reached XP level 4. HP: 34/35 MP: 0/0
  1357 | D:2      | Found a hazy altar of Hepliaklqana.
  1848 | D:3      | Noticed a phantom
  1993 | D:3      | Noticed a scorpion
  2023 | D:3      | Killed a scorpion
  2024 | D:3      | Reached XP level 5. HP: 41/41 MP: 0/0
  2024 | D:3      | Learned a level 2 spell: Call Imp
  2128 | D:3      | Killed a phantom
  2129 | D:3      | Reached skill level 4 in Axes
  2129 | D:3      | Reached XP level 6. HP: 47/47 MP: 0/0
  2518 | D:3      | Found a sparkling altar of Nemelex Xobeh.
  2518 | D:3      | Found a sacrificial altar of Ru.
  2522 | D:3      | Found an iron altar of Okawaru.
  2707 | D:3      | Found a faded altar of an unknown god.
  2916 | D:4      | Found a staircase to the Ecumenical Temple.
  2991 | D:4      | Noticed Duvessa
  2994 | D:4      | Noticed Dowan
  3017 | D:4      | Killed Duvessa
  3018 | D:4      | Reached XP level 7. HP: 53/53 MP: 0/0
  3018 | D:4      | Learned a level 3 spell: Teleport Other
  3022 | D:4      | Killed Dowan
  3173 | D:4      | Found a hazy altar of Hepliaklqana.
  3174 | D:4      | Found a broken altar of Ashenzari.
  3245 | D:4      | Reached skill level 5 in Axes
  3258 | D:4      | Noticed Pikel
  3276 | D:4      | Killed Pikel
  3277 | D:4      | Reached skill level 5 in Fighting
  3277 | D:4      | Reached XP level 8. HP: 60/60 MP: 0/0
  3506 | D:4      | Reached skill level 6 in Axes
  3567 | D:4      | Identified the +1 robe "Ojahy" {Fly}
  3717 | D:5      | Entered Level 5 of the Dungeon
  3863 | D:5      | Reached skill level 5 in Armour
  4318 | D:5      | Reached XP level 9. HP: 66/66 MP: 0/0
  4318 | D:5      | Learned a level 4 spell: Olgreb's Toxic Radiance
  4806 | D:6      | Reached skill level 7 in Axes
  4980 | D:6      | Reached *** piety under Trog
  5309 | D:6      | Found a shimmering altar of Xom.
  5309 | D:6      | Found a burning altar of Makhleb.
  5736 | D:7      | Noticed Joseph
  5783 | D:7      | Killed Joseph
  5784 | D:7      | Reached skill level 8 in Axes
  5808 | D:6      | Reached XP level 10. HP: 46/75 MP: 0/0
  6640 | D:8      | Noticed a komodo dragon
  6800 | D:8      | Reached skill level 9 in Axes
  6954 | D:8      | Killed a komodo dragon
  7245 | D:8      | Found a staircase to the Lair.
  7544 | D:8      | Reached XP level 11. HP: 63/82 MP: 0/0
  7544 | D:8      | Learned a level 4 spell: Summon Lightning Spire
  7784 | D:8      | Noticed Psyche
  7790 | D:8      | Killed Psyche
  8396 | D:9      | Reached skill level 10 in Axes
  8723 | D:9      | Reached **** piety under Trog
  8729 | D:9      | Noticed Maggie
  8766 | D:9      | Killed Maggie
  9059 | D:9      | Found a staircase to the Orcish Mines.
  9242 | D:10     | Entered Level 10 of the Dungeon
  9242 | D:10     | Noticed Urug
  9333 | D:10     | Found a transporter.
  9338 | D:10     | Noticed a deep elf pyromancer
  9428 | D:10     | Reached skill level 1 in Throwing
  9521 | D:10     | Noticed Tirrikindir's ghost (journeyman GrFi)
  9663 | D:10     | Found a transporter.
  9963 | D:10     | Identified the +10 shortbow "Homukh" {flame, rPois Str+3}
 10116 | D:10     | Killed Urug
 10505 | D:11     | Reached skill level 11 in Axes
 10568 | D:11     | Reached XP level 12. HP: 74/89 MP: 0/0
 10669 | D:11     | Reached skill level 10 in Armour
 11038 | D:11     | Identified the +6 quarterstaff "Ziylulur" {pain, Dex+3}
 11526 | D:11     | Noticed a boulder beetle
 11721 | D:11     | Killed a boulder beetle
 12316 | Lair:1   | Entered Level 1 of the Lair of Beasts
 12359 | Lair:1   | Found a frozen archway.
 12443 | IceCv    | Entered an ice cave
 13019 | IceCv    | Reached skill level 12 in Axes
 13382 | IceCv    | Reached XP level 13. HP: 47/94 MP: 0/0
 13382 | IceCv    | Learned a level 5 spell: Metabolic Englaciation
 13666 | Lair:1   | Slain by a cane toad

Illustrated notes

Levels and vault maps discovered:
D:1:      minmay_arrival_open_corners, layout_basic
D:2:      layout_basic, basic_altar, chequers_mini_garden
D:3:      layout_basic, grunt_temple_overflow_open,
          hellmonk_ecumenical_altar_zigzags
D:4:      layout_basic, nicolae_overflow_two_pavilions, temple_statues,
          uniq_duvessa, uniq_pikel
D:5:      layout_basic, st_stairs_14, patterned_corridor
D:6:      layout_loops_cross, grunt_temple_overflow_champion_of_chaos
D:7:      layout_loops_ring, mrwooster_statue_mirror, st_stairs_2,
          chequers_serial_rivers_marsh, uniq_joseph
D:8:      layout_loops_ring, due_lair_maze_entry_diamond, roderic_roman_lattice,
          chequers_serial_rivers_marsh, uniq_psyche
D:9:      layout_roguey, david_orc_3, nicolae_figureground_pulse, uniq_maggie
D:10:     layout_basic, gammafunk_ghost_arena, uniq_urug
D:11:     minmay_slanted_spiral_squares, layout_irregular_city, serial_rivers,
          chequers_serial_rivers_room_a, chequers_serial_rivers_small_a,
          chequers_serial_rivers_micro_e, chequers_serial_rivers_large_a,
          chequers_serial_rivers_large_b
Lair:1:   layout_roguey, portal_ice_cave_entry_pillars_2,
          infiniplex_staircase_pool_2

Skill      XL: |  1  2  3  4  5  6  7  8  9 10 11 12 |
---------------+-------------------------------------+-----
Unarmed Combat | 1 |  1.0
Axes           | 3 4 5 6 8 9 11 12 | 12.1
Armour         | 3 4 5 6 8 9 11 | 11.5
Fighting       | 4 5 7 8 9 |  9.0
Throwing       | 2 4 |  4.3
Dodging        | |  2.1

Action                     |  1- 3 |  4- 6 |  7- 9 | 10-12 | 13-15 || total
---------------------------+-------+-------+-------+-------+-------++-------
  Melee: Hand axe          |   109 |   150 |   414 |  1468 |    65 ||  2206
         Punch             |       |     1 |     5 |    36 |     2 ||    44
  Throw: Dart              |       |       |     3 |     9 |       ||    12
         Throwing net      |       |       |     2 |     1 |       ||     3
 Invoke: Berserk           |     1 |     4 |     8 |    14 |       ||    27
         Trog's Hand       |       |     1 |     1 |     5 |     2 ||     9
  Evoke: Wand              |       |       |       |    21 |     3 ||    24
    Use: Scroll            |       |       |    15 |    11 |     1 ||    27
         Potion            |       |       |       |     7 |       ||     7
   Stab: Sleeping          |       |     1 |       |       |       ||     1
         Held in net/web   |       |       |     1 |     2 |       ||     3
         Invisible         |       |       |       |     8 |       ||     8
 Armour: Animal skin       |    30 |    28 |       |       |       ||    58
         Chain mail        |       |    46 |   173 |   204 |       ||   423
         Ice dragon scales |       |       |       |   357 |    17 ||   374
  Dodge: Dodged            |    89 |    82 |   264 |   903 |    20 ||  1358
